 Seeded DCSS version 0.30.1 (webtiles) character file.

Game seed: 2982770835899368061 (custom seed)

182 CInkIbrahim the Slasher (level 5, 0/43 HPs)
             Began as an Armataur Gladiator on July 10, 2023.
             Slain by an orc wizard
             ... wielding a +0 dagger
              (2 damage)
             ... on level 7 of the Dungeon.
             The game lasted 00:03:31 (2082 turns).

CInkIbrahim the Slasher (Armataur Gladiator)        Turns: 2082, Time: 00:03:31

Health: 0/43       AC:  5    Str: 19    XL:     5   Next: 34%
Magic:  5/5        EV: 10    Int:  8    God:
Gold:   168        SH:  0    Dex: 14    Spells: 4/4 levels left

rFire   . . .        a - +0 long sword
rCold   . . .        (no shield)
rNeg    . . .        b - +0 leather armour
rPois   .            c - +0 helmet
rElec   .            (no cloak)
rCorr   .            (no gloves)
SInv    .            (no barding)
Will    .....        (no amulet)
Stlth   +            q - +4 ring of slaying
HPRegen 0.27/turn    (no ring)
MPRegen 0.09/turn

%: roll
@: mighty, invisible
A: large, rugged brown scales 3, deformed body, armoured tail, roll, long
tongue, awkward tongue
a: no special abilities


You were on level 7 of the Dungeon.
You visited 2 branches of the dungeon, and saw 6 of its levels.

You collected 168 gold pieces.

Inventory:

Hand Weapons
 a - a +0 long sword (weapon)
Missiles
 d - 3 throwing nets (quivered)
 e - a javelin
Armour
 b - a +0 leather armour (worn)
 c - a +0 helmet (worn)
Jewellery
 q - a +4 ring of slaying (left hand)
Scrolls
 g - 2 scrolls of teleportation {unknown}
 i - 2 scrolls of fog {unknown}
 k - 2 scrolls of enchant weapon {unknown}
 m - a scroll of fear {unknown}
 n - a scroll of brand weapon {unknown}
 o - a scroll of identify {unknown}
 p - a scroll of silence {unknown}
 r - a scroll of poison {unknown}
Potions
 f - 2 potions of curing {unknown}
 h - a potion of brilliance {unknown}
 j - a potion of invisibility
 l - a potion of might


   Skills:
 - Level 1.7 Fighting
 + Level 5.6 Long Blades
 - Level 1.7 Throwing
 - Level 2.1 Dodging


You had 4 spell levels left.
You didn't know any spells.
Your spell library contained the following spells:

 Spells                   Type           Power      Damage    Failure   Level
 Hailstorm                Conj/Ice       0%         3d3       83%         3
 Ice Form                 Ice/Tmut       0%         N/A       99%         4
 Simulacrum               Ice/Necr       0%         N/A       100%        6


Dungeon Overview and Level Annotations

Branches:
Dungeon (7/15)             Temple (1/1) D:7

Altars:
Ashenzari
Cheibriados
Dithmenos
Elyvilon
Fedhas
Gozag
Kikubaaqudgha
Makhleb
Okawaru
Uskayaw
Vehumet
Xom
Zin
The Shining One

Shops:
D:1 =:


Innate Abilities, Weirdness & Mutations

You are completely covered in rugged brown scales. (AC +3, +7% HP)
Armour fits poorly on your strangely shaped body.
You have a long armoured tail.
You roll when moving toward enemies. (Rampage)
Your long tongue fully drains potion bottles. (2x potion effects)
Your tongue gives you trouble enunciating. (1.5x scroll delay)


Message History

Beogh smites you!
You hear a shout!
You roll towards the orc priest!
An orc comes into view. It is wielding a +0 whip.
You closely miss the orc priest.
The orc shouts!
The orc wizard casts a spell at you. You resist with some effort.
The orc priest barely misses you.
You hit the orc priest.
The orc priest is heavily wounded.
The orc wizard barely misses you.
The orc priest calls down the wrath of Beogh upon you.
Beogh smites you!
You are too injured to fight recklessly!
You are too injured to fight recklessly!
You barely miss the orc priest.
The orc priest is heavily wounded.
The orc wizard hits you but does no damage.
The orc priest hits you with a +0 mace.
* * * LOW HITPOINT WARNING * * *
You hit the orc priest.
The orc priest is severely wounded.
The orc wizard hits you with a +0 dagger.
* * * LOW HITPOINT WARNING * * *
The orc priest closely misses you. The orc priest hits you with a +0 mace.
* * * LOW HITPOINT WARNING * * *
The orc wizard hits you with a +0 dagger.
* * * LOW HITPOINT WARNING * * *
It was a potion of might.
You feel very mighty all of a sudden.
You slurp down every last drop of the potion of might!
The orc wizard casts a spell at you. The puff of flame hits you.
* * * LOW HITPOINT WARNING * * *
The orc priest completely misses you.
It was a potion of invisibility.
You fade into invisibility!
You slurp down every last drop of the potion of invisibility!
The orc wizard hits you with a +0 dagger.
You die...

#...#...#...#
######.######
#...#...#...#
#.⌠...⌠...⌠.#
#...#...#...#
##.##########
#..# #
##.###.#
#..@o.#
####o## o# .#
.# .# .# .#


You could see an orc priest (unable to see you), an orc wizard (unable to see
you) and an orc (unable to see you).

Vanquished Creatures
  3 iron imps (D:3)
  3 adders (D:3)
  A worm (D:2)
  2 dart slugs (D:2)
  2 orcs
  6 endoplasms
  2 giant cockroaches
  6 goblins
  2 hobgoblins
  6 quokkas
  6 ball pythons
  4 bats
  4 frilled lizards
  8 kobolds
  8 rats
63 creatures vanquished.

Notes
Turn   | Place    | Note
-------+----------+-------------------------------------------
     0 | D:1      | CInkIbrahim the Armataur Gladiator began the quest for the
                  | Orb.
     0 | D:1      | Reached XP level 1. HP: 18/18 MP: 1/1
    38 | D:1      | Reached skill level 3 in Long Blades
    47 | D:1      | Reached XP level 2. HP: 11/25 MP: 2/2
   179 | D:1      | Found Oxzy's Book Boutique.
   310 | D:1      | Found Ycaleat's Jewellery Shop.
   605 | D:2      | Reached XP level 3. HP: 25/31 MP: 3/3
   689 | D:2      | Reached skill level 4 in Long Blades
  1250 | D:3      | Found a burning altar of Makhleb.
  1269 | D:3      | Reached XP level 4. HP: 24/38 MP: 4/4
  1274 | D:3      | Reached skill level 5 in Long Blades
  1274 | D:3      | Reached XP level 5. HP: 27/43 MP: 5/5
  1736 | D:3      | Found a snail-covered altar of Cheibriados.
  1836 | D:4      | You fall into a shaft and drop 3 floors!
  1841 | D:7      | Found a staircase to the Ecumenical Temple.
  1848 | Temple   | Entered the Ecumenical Temple
  2081 | D:7      | HP: 1/43 [orc wizard/puff of flame (6)]
  2082 | D:7      | Slain by an orc wizard

Illustrated notes

Levels and vault maps discovered:
D:1:      dpeg_arrival_solitude, layout_basic, serial_shops, shop,
          shop_fountains
D:2:      layout_basic, st_stairs_1
D:3:      layout_rooms, amcnicky_altar_gilded, demons_altar
D:4:      layout_basic, pdpol_wu_jian_five_deadly_venoms, uniq_ijyb,
          uniq_menkaure
D:7:      minmay_the_grid_four_pointed_star
          [minmay_the_grid_triangle_9x9_from_above,
          minmay_the_grid_triangle_9x9_sparse_checkered,
          minmay_the_grid_triangle_9x9_empty,
          minmay_the_grid_triangle_9x9_impossible_snake,
          minmay_the_grid_prize_four_corners_diamond_a], layout_loops_ring,
          nicolae_yredelemnul_ghost_church, minmay_temple_entry_nine_rooms,
          serial_bayou_pond_b, nicolae_concentric_dashed_squares_mild,
          uniq_duvessa, uniq_joseph, uniq_pikel
Temple:   nicolae_temple_bog_church

Skill      XL: |  1  2  3  4 |
---------------+-------------+-----
Long Blades    | 3 4 5 |  5.6
Fighting       | |  1.7
Throwing       | |  1.7
Dodging        | |  2.1

Action                     |  1- 3 |  4- 6 || total
---------------------------+-------+-------++-------
  Melee: Long sword        |   116 |    51 ||   167
         Punch             |     1 |     1 ||     2
         Tailslap          |     5 |     6 ||    11
    Use: Potion            |       |     2 ||     2
   Stab: Sleeping          |     1 |       ||     1
 Armour: Leather armour    |    45 |    23 ||    68
  Dodge: Dodged            |    48 |    29 ||    77
